Map: Prion Terraces

Players

Sentinel

  • Race: Protoss Protoss
  • League: Grandmaster

Pokebunny - Winner!

  • Race: Terran Terran
  • League: Grandmaster

VOD

Have the link to the VOD?

Description

Time

  • Played on: April 6, 2016, 9:46 p.m.
  • Length: 9:14
Show
View Real Time Build Order
Export as new Build Order

Sentinel Protoss 

Build Orders:  

Get SALT Encoding   

  12  0:01  Probe (Chrono Boost)  
  13  0:11  Probe (Chrono Boost)  
  14  0:17  Pylon  
  14  0:22  Probe (Chrono Boost)  
  16  0:35  Probe (Chrono Boost)  
  16  0:36  Gateway  
  16  0:46  Probe (Chrono Boost)  
  16  0:47  Assimilator  
  17  0:56  Probe (Chrono Boost)  
  18  1:06  Pylon  
  18  1:07  Probe (Chrono Boost)  
  19  1:18  Probe (Chrono Boost)  
  20  1:25  Cybernetics Core  
  20  1:28  Probe (Chrono Boost)  
  21  1:39  Probe (Chrono Boost)  
  22  1:48  Nexus  
  24  2:01  Adept (Chrono Boost), Mothership Core (Chrono Boost)  
  24  2:05  Assimilator  
  26  2:16  Pylon  
  26  2:19  Warp Gate  
  26  2:21  Probe  
  27  2:29  Adept (Chrono Boost)  
  29  2:37  Probe  
  30  2:49  Probe (Chrono Boost)  
  31  2:52  Adept (Chrono Boost)  
  33  3:01  Probe (Chrono Boost)  
  34  3:08  Pylon  
  34  3:11  Probe x2 (Chrono Boost)  
  35  3:21  Probe (Chrono Boost)  
  36  3:33  Stalker, Probe x2 (Chrono Boost)  
  38  3:38  Stargate  
  38  3:44  Probe x2 (Chrono Boost)  
  40  3:53  Gateway  
  40  3:54  Probe (Chrono Boost)  
  41  3:56  Gateway  
  41  3:57  Robotics Facility  
  41  4:01  Pylon, Probe (Chrono Boost)  
  42  4:07  Probe (Chrono Boost)  
  43  4:11  Probe (Chrono Boost)  
  44  4:18  Probe (Chrono Boost)  
  44  4:22  Probe (Chrono Boost)  
  46  4:24  Oracle (Chrono Boost)  
  46  4:26  Stalker  
  46  4:29  Probe  
  46  4:31  Assimilator  
  52  4:32  Assimilator, Probe  
  53  4:41  Probe  
  53  4:45  Observer  
  55  4:48  Pylon  
  54  4:57  Adept x3  
  56  5:02  Probe  
  56  5:03  Probe  
  54  5:12  Probe  
  54  5:15  Probe  
  54  5:20  Phoenix (Chrono Boost)  
  58  5:23  Probe  
  58  5:26  Nexus  
  58  5:27  Probe  
  59  5:33  Probe  
  60  5:38  Twilight Council  
  60  5:40  Probe  
  61  5:44  Probe  
  61  5:45  Zealot x2  
  61  5:46  Zealot  
  61  5:48  Pylon  
  68  5:52  Probe  
  68  5:55  Probe  
  65  6:04  Probe  
  65  6:05  Probe  
  65  6:07  Phoenix (Chrono Boost)  
  65  6:08  Observer  
  69  6:16  Probe x2  
  71  6:21  Charge (Chrono Boost)  
  71  6:26  Probe  
  71  6:28  Immortal (Chrono Boost), Probe  
  71  6:30  Gateway  
  71  6:32  Gateway  
  77  6:34  Pylon  
  77  6:38  Probe  
  77  6:39  Pylon  
  78  6:41  Probe  
  79  6:48  Gateway  
  79  6:51  Gateway  
  76  6:54  Zealot  
  76  6:55  Zealot  
  80  7:03  Templar Archives  
  80  7:06  Gateway  
  80  7:09  Zealot  
  80  7:14  Pylon, Immortal  
  86  7:24  Zealot  
  86  7:25  Zealot  
  88  7:40  High Templar  
  88  7:41  Zealot x2  
  94  7:49  High Templar  
  94  7:50  Zealot x3  
  84  7:59  Zealot x2  
  76  8:10  Zealot  
  76  8:11  Zealot, Pylon  
  70  8:13  Pylon  
  70  8:15  Zealot  
  70  8:16  Zealot  
  74  8:20  Immortal  
  74  8:22  High Templar x2  
  82  8:32  Zealot x2, High Templar x2  
  86  8:34  Archon  
  86  8:36  Archon  
  86  8:37  Zealot x2  
  72  8:54  Zealot x2  
  72  8:55  Zealot x2  
  62  9:03  Zealot  
  62  9:04  Zealot  
  62  9:07  Zealot x2  
Show
View Real Time Build Order
Export as new Build Order

Pokebunny Terran - Winner!

Build Orders: Reaper Expand, MMM Bio 

Get SALT Encoding   

  12  0:01  SCV  
  13  0:13  SCV  
  14  0:18  Supply Depot  
  14  0:25  SCV  
  15  0:39  SCV  
  15  0:41  Barracks  
  16  0:44  Refinery  
  16  0:52  SCV  
  17  1:04  SCV  
  18  1:16  SCV  
  19  1:28  Orbital Command  
  19  1:29  Reaper  
  20  1:39  Command Center  
  20  1:49  Supply Depot  
  20  1:54  SCV  
  21  2:01  Marine  
  21  2:06  Factory, SCV  
  23  2:13  Refinery  
  23  2:18  SCV  
  23  2:19  Marine  
  25  2:30  SCV  
  25  2:37  Marine  
  27  2:48  SCV  
  28  2:52  Orbital Command  
  28  2:54  Hellion  
  28  2:57  Barracks Reactor, Starport  
  30  3:00  SCV  
  31  3:14  SCV  
  31  3:32  Widow Mine  
  31  3:33  Marine x2  
  33  3:37  Medivac  
  33  3:40  Barracks  
  35  3:43  Barracks  
  35  3:45  SCV x2  
  37  3:55  Marine x2  
  39  4:00  SCV x2  
  41  4:05  Factory Tech Lab  
  41  4:12  Refinery, SCV x2  
  41  4:13  Marine x2  
  45  4:27  Barracks Tech Lab  
  45  4:30  Starport Reactor, Supply Depot x2  
  45  4:31  Barracks Reactor, Marine  
  45  4:37  Siege Tank, Marine, SCV  
  51  4:47  Marine  
  50  4:55  Marine x2  
  51  5:08  Combat Shields  
  51  5:09  Siege Tank, Marine x3  
  51  5:11  Barracks x2  
  51  5:13  Marine, Medivac  
  60  5:16  SCV  
  59  5:21  Supply Depot  
  59  5:25  Marine  
  59  5:26  Marine  
  55  5:37  Engineering Bay  
  55  5:40  SCV  
  55  5:41  SCV  
  57  5:46  Marine  
  57  6:00  Marine x4  
  57  6:01  Siege Tank  
  64  6:06  Missile Turret  
  64  6:08  Missile Turret  
  64  6:10  SCV  
  65  6:12  SCV  
  65  6:16  Marine  
  60  6:18  Marine x2  
  60  6:21  Medivac  
  60  6:23  Medivac  
  66  6:26  Terran Infantry Weapons Level 1  
  66  6:30  Stimpack  
  66  6:34  SCV x2  
  68  6:40  Supply Depot  
  68  6:53  Marine x4  
  68  6:54  Marine x2  
  72  6:56  Siege Tank  
  72  7:00  Supply Depot  
  77  7:01  Medivac  
  77  7:04  Supply Depot  
  79  7:09  SCV x2  
  79  7:10  Marine  
  79  7:11  Marine x2  
  84  7:15  Marine x2  
  84  7:22  Supply Depot, Marine  
  87  7:37  Marine x5  
  87  7:39  Marauder  
  94  7:45  Marine  
  93  7:55  Marine x5  
  94  8:00  Marine  
  94  8:03  Marine  
  81  8:09  Siege Tank, Medivac x2  
  85  8:12  Marine  
  85  8:13  Marine x4  
  85  8:18  Marine  
  91  8:21  Missile Turret  
  91  8:23  Marine  
  91  8:25  SCV x2  
  94  8:30  Marine x2  
  96  8:40  Marine x3  
  96  8:41  Marauder  
  97  8:50  Marine x2  
  97  8:51  Marine  
Tags
 
Add a new tag
Caveats
  • Supply blocks, unpowered buildings, or Contaminate may cause inaccurate times.
  • Supply counts are checked every 10 seconds.